 Dungeon Crawl Stone Soup version 0.20-a0-1122-gb7cbeb9 (webtiles) character file.

2094 Naow the Cleaver (level 9, 0/105 HPs)
             Began as a Minotaur Berserker on May 13, 2017.
             Was an Elder of Trog.
             Slain by darksquall's ghost (23 damage)
             ... on level 8 of the Dungeon.
             The game lasted 00:08:47 (6993 turns).

Naow the Cleaver (Minotaur Berserker)               Turns: 6993, Time: 00:08:47

Health: 0/105      AC:  3    Str: 30    XL:     9   Next: 7%
Magic:  8/8        EV: 12    Int:  4    God:    Trog [****..]
Gold:   73         SH:  0    Dex: 17    Spells: 8/8 levels left

rFire    + . .     SeeInvis .   a - +0 hand axe
rCold    x . .     Gourm    .   (no shield)
rNeg     . . .     Faith    .   D - +0 leather armour of the Old World {rC- rCorr Dex+7 Stlth+}
rPois    .         Spirit   .   (helmet restricted)
rElec    .         Reflect  .   (no cloak)
rCorr    +         Harm     .   (no gloves)
MR       .....                  (no boots)
Stlth    ..........             q - amulet of regeneration
Regen    0.7/turn               s - ring of protection from fire
MPRegen  0.2/turn               (no ring)

@: berserking (expiring), very quick
A: retaliatory headbutt, horns 2
a: Berserk, Trog's Hand, Brothers in Arms, Burn Spellbooks, Renounce Religion


You were on level 8 of the Dungeon.
You worshipped Trog.
Trog was greatly pleased with you.
You were hungry.

You visited 2 branches of the dungeon, and saw 9 of its levels.

You collected 339 gold pieces.
You spent 266 gold pieces at shops.

Inventory:

Hand Weapons
 a - a +0 hand axe (weapon)
Armour
 b - a +1 animal skin
 B - the -5 cloak "Nimealoc" {rC+ rCorr}
   (You bought it in a shop on level 6 of the Dungeon)

   It protects you from cold.
   It protects you from acid and corrosion.
 D - the +0 leather armour of the Old World (worn) {rC- rCorr Dex+7 Stlth+}
   (You found it on level 6 of the Dungeon)

   It affects your dexterity (+7).
   It makes you vulnerable to cold.
   It protects you from acid and corrosion.
   It makes you more stealthy.
Jewellery
 f - an uncursed ring of poison resistance {unknown}
 q - an amulet of regeneration (around neck)
 s - a ring of protection from fire (left hand)
 w - an uncursed amulet of rage
Wands
 p - a wand of confusion (22/48)
 u - a wand of digging (4/24)
 x - a wand of random effects (30/48)
 E - a wand of disintegration (18/24)
Scrolls
 d - 2 scrolls of amnesia
 j - a scroll of immolation
 k - 6 scrolls of identify
 m - a scroll of remove curse
 n - a scroll of enchant armour
 z - 3 scrolls of fear {unknown}
 A - 3 scrolls of teleportation {unknown}
 F - 2 scrolls of magic mapping {unknown}
Potions
 e - 5 potions of curing {unknown}
 g - 2 potions of might {unknown}
 i - a potion of invisibility {unknown}
 o - a potion of agility {unknown}
 r - 2 potions of degeneration {unknown}
 t - a potion of mutation {unknown}
 v - 2 potions of brilliance {unknown}
 C - a potion of cancellation {unknown}
Books
 y - a book of Maledictions

   Spells                             Type                      Level
   a - Corona                         Hexes                        1
   b - Ensorcelled Hibernation        Hexes/Ice                    2
   c - Confuse                        Hexes                        3
   d - Tukima's Dance                 Hexes                        3
   e - Dazzling Spray                 Conjuration/Hexes            3
   Trog disapproves of the use of such an item.
Comestibles
 c - 8 bread rations
 h - 3 meat rations


   Skills:
 - Level 3.6 Fighting
 + Level 14.0 Axes
 - Level 2.4 Armour
 - Level 2.1 Dodging


You had 8 spell levels left.
You didn't know any spells.

Dungeon Overview and Level Annotations

Branches:
Dungeon (8/15)             Temple (1/1) D:6
   Lair: D:8-11

Altars:
Cheibriados
Elyvilon
Fedhas
Gozag
Makhleb
Okawaru
Ru
Sif Muna
Trog
Vehumet
Wu Jian
Yredelemnul
Zin
The Shining One

Shops:
D:5 *   D:6 [   D:8 *

Annotations:
D:8 darksquall's ghost, novice TrSk


Innate Abilities, Weirdness & Mutations

You reflexively headbutt those who attack you in melee.
You have a pair of horns on your head.


Message History

Darksquall's ghost hits you!
Darksquall's ghost's shroud bends your attack away.
You slash darksquall's ghost!
Your headbutt misses darksquall's ghost.
Darksquall's ghost is moderately damaged.
You hit the orc wizard. You slash the orc wizard!
The orc wizard is almost dead.
You barely miss darksquall's ghost.
The orc wizard gestures wildly while chanting.
The orc wizard seems to speed up.
Darksquall's ghost hits you!!
* * * LOW HITPOINT WARNING * * *
You slash the orc wizard!
You kill the orc wizard!
Trog accepts your kill.
Trog appreciates your killing of a magic user.
Your Axes skill increases to level 14!
You hit darksquall's ghost. Darksquall's ghost hits you!!
You die...

#..........#.#
#####.)#)....#
######<.)..###
#.......#.## ##.......#.#
##..........# .
##..............
....#####..$........####.#
#..........@....##
...........#..W....#
..............)....#
...............o...#
...>########....ot∩.. #...
#....o..... ###
.......o..# ##.........#
#####.....


You could see an orc warrior, a crocodile, an orc wizard, darksquall's ghost and
2 orcs.

Vanquished Creatures
  The ghost of MenacingMecha the Poker, an amateur MfGl (D:3)
  2 orc warriors (D:7)
  3 ogres
  2 centaurs
  A bullfrog (D:8)
  A scorpion (D:4)
  5 killer bees (D:7)
  A howler monkey (D:5)
  2 bullfrog zombies
  2 crimson imps
  A centaur zombie (D:8)
  2 bullfrog skeletons
  A jelly (D:5)
  8 orc priests
  2 centaur skeletons
  6 orc wizards
  An iguana (D:4)
  A worker ant (D:5)
  A hound zombie (D:6)
  6 adders
  3 oozes
  An adder skeleton (D:7)
  An adder zombie (D:5)
  4 worms
  2 dart slugs
  A leopard gecko (D:8)
  26 orcs
  10 giant cockroaches
  2 gnoll zombies (D:3)
  8 goblins
  8 hobgoblins
  5 jackals (D:2)
  4 quokkas
  3 ball pythons
  6 bats
  8 frilled lizards
  8 kobolds
  A leopard gecko skeleton (D:6)
  A quokka zombie (D:7)
  9 rats
160 creatures vanquished.

Notes
Turn   | Place    | Note
-------+----------+-------------------------------------------
     0 | D:1      | Naow the Minotaur Berserker began the quest for the Orb.
     0 | D:1      | Reached XP level 1. HP: 19/19 MP: 0/0
    67 | D:1      | Reached skill level 4 in Axes
    75 | D:1      | Reached XP level 2. HP: 22/26 MP: 1/1
   294 | D:1      | Reached skill level 5 in Axes
   542 | D:1      | Reached XP level 3. HP: 31/31 MP: 2/2
   762 | D:2      | Found a sacrificial altar of Ru.
   814 | D:2      | Reached ** piety under Trog
   879 | D:2      | Reached skill level 6 in Axes
   879 | D:2      | Reached XP level 4. HP: 34/39 MP: 3/3
  1221 | D:2      | Found a faded altar of an unknown god.
  1835 | D:3      | Found a basalt altar of Yredelemnul.
  2137 | D:3      | Reached *** piety under Trog
  2207 | D:3      | Reached XP level 5. HP: 45/45 MP: 4/4
  2348 | D:3      | Reached skill level 7 in Axes
  2375 | D:3      | Noticed MenacingMecha's ghost (amateur MfGl)
  2381 | D:3      | Killed MenacingMecha's ghost
  2381 | D:3      | Reached skill level 8 in Axes
  2464 | D:3      | Reached XP level 6. HP: 30/51 MP: 5/5
  3142 | D:4      | Reached skill level 9 in Axes
  3549 | D:4      | Reached XP level 7. HP: 49/57 MP: 6/6
  3628 | D:4      | Found a deep blue altar of Sif Muna.
  3761 | D:5      | Entered Level 5 of the Dungeon
  3866 | D:5      | Reached skill level 10 in Axes
  4150 | D:5      | Reached skill level 11 in Axes
  4264 | D:5      | Found Gozag's Platinum Reserve.
  4268 | D:5      | Found an opulent altar of Gozag.
  4807 | D:5      | Found a blossoming altar of Fedhas.
  5007 | D:6      | Reached **** piety under Trog
  5068 | D:6      | Found a staircase to the Ecumenical Temple.
  5076 | D:6      | Reached XP level 8. HP: 64/64 MP: 7/7
  5130 | D:6      | Got a bloodstained leather armour
  5141 | D:6      | Identified the cursed +0 leather armour of the Old World {rC- rCorr Dex+7 Stlth+} (You found it on level 6 of the Dungeon)
  5344 | D:6      | Found a bloodstained altar of Trog.
  5455 | D:6      | Found Tuixi's Antique Armour Boutique.
  5480 | D:6      | Bought a smoking cloak for 266 gold pieces
  5540 | D:6      | Identified the -5 cloak "Nimealoc" {rC+ rCorr} (You bought it in a shop on level 6 of the Dungeon)
  5563 | Temple   | Entered the Ecumenical Temple
  5651 | D:7      | Found an iron altar of Okawaru.
  5689 | D:7      | Found an ornate altar of the Wu Jian Council.
  5722 | D:7      | Reached skill level 12 in Axes
  5817 | D:7      | HP: 4/96 [orc/antimagic hand axe (6)]
  6031 | D:7      | Found a radiant altar of Vehumet.
  6031 | D:7      | Found a burning altar of Makhleb.
  6327 | D:7      | Found a white marble altar of Elyvilon.
  6341 | D:7      | Found a glowing silver altar of Zin.
  6341 | D:7      | Found a snail-covered altar of Cheibriados.
  6347 | D:7      | Found a glowing golden altar of the Shining One.
  6349 | D:7      | Found a deep blue altar of Sif Muna.
  6350 | D:7      | Found a faded altar of an unknown god.
  6403 | D:7      | Reached skill level 13 in Axes
  6905 | D:8      | Reached XP level 9. HP: 57/70 MP: 8/8
  6945 | D:8      | Found Wicau's Assorted Antiques.
  6965 | D:8      | Noticed darksquall's ghost (novice TrSk)
  6992 | D:8      | Reached skill level 14 in Axes
  6993 | D:8      | Slain by darksquall's ghost

Vault maps used:
D:1:      sevenhm_arrival_forest_fort_small_6
D:2:      chequers_ecumenical_altar_grove, first_bread, kennysheep_minor_cross,
          nicolae_ru_great_annihilating_truth
D:3:      lemuel_zombie_altar_yredelemnul
D:4:      led_sif_book
D:5:      nicolae_gozag_zags_fifth_avenue, lemuel_crystal_altar,
          hangedman_decor_clover_reticule
D:6:      cheibrodos_iron_armory, lemuel_doored_altar, temple_green,
          serial_shops, shop, small_statue_intersection
D:7:      grunt_temple_overflow_lords_of_destruction,
          chequers_temple_overflow_minitemple, kennysheep_mini_moat,
          basic_altar, okawaru_ov_weapons_minmay
D:8:      cheibrodos_statue_roulette, serial_shops, shop
Temple:   minmay_temple_curvy_loop

Skill      XL: |  1  2  3  4  5  6  7  8  9 |
---------------+----------------------------+-----
Axes           | 4 5 6 8 9 11 13 14 | 14.0
Fighting       | |  3.6
Armour         | |  2.4
Dodging        | |  2.1

Action                   |  1- 3 |  4- 6 |  7- 9 || total
-------------------------+-------+-------+-------++-------
Melee: Hand axe          |    63 |   123 |   225 ||   411
       Headbutt          |     6 |    22 |    53 ||    81
Invok: Berserk           |       |     3 |     7 ||    10
  Use: Scroll            |       |       |     7 ||     7
 Stab: Sleeping          |     1 |       |     3 ||     4
  Eat: Chunk             |       |    11 |    16 ||    27
Armor: Animal skin       |    24 |     9 |     6 ||    39
       Leather armour    |       |       |    17 ||    17
Dodge: Dodged            |    50 |    53 |    93 ||   196
